 Dungeon Crawl Stone Soup version 0.31-a0-705-ga145531891 (webtiles) character file.

Game seed: 17189880063560299056

33 cforsyth the Trooper (level 3, -15/30 HPs)
             Began as a Djinni Chaos Knight on Sept 9, 2023.
             Was a Plaything of Xom.
             Demolished by a yak (shapeshifter) (16 damage)
             ... on level 3 of the Dungeon.
             The game lasted 00:02:47 (666 turns).

cforsyth the Trooper (Djinni Chaos Knight)           Turns: 666, Time: 00:02:48

Health: -15/30     AC:  5    Str: 11    XL:     3   Next: 47%
Gold:   73         EV: 12    Int: 15    God:    Xom [..*...] SH:  0 Dex: 12

rFire   + + .        a - +0 falchion (chaos)
rCold   x . .        (no shield)
rNeg    . . .        b - +2 leather armour
rPois   ∞            (no helmet)
rElec   .            (no cloak)
rCorr   .            (no gloves)
SInv    .            (boots unavailable)
Will    .....        (no amulet)
Stlth   +            (no ring)
HPRegen 0.25/turn    (no ring)
MPRegen 0.00/turn

%: infuse magic (-16 HP)
@: flying
A: sickness immunity, fire resistance 2, cold vulnerability 1, float, innate
caster, HP casting, extra vitality 1
a: Renounce Religion


You were on level 3 of the Dungeon.
You worshipped Xom.
You were a toy of Xom.
You visited 1 branch of the dungeon, and saw 4 of its levels.

You collected 73 gold pieces.

Inventory:

Hand Weapons
 a - a +0 falchion of chaos (weapon)
Armour
 b - a +2 leather armour (worn)
Jewellery
 l - a +6 ring of intelligence
Scrolls
 c - a scroll of butterflies
 d - a scroll of immolation {unknown}
 g - a scroll of torment {unknown}
 h - a scroll of vulnerability {unknown}
 j - 2 scrolls of identify {unknown}
 k - a scroll of poison {unknown}
 m - a scroll of amnesia {unknown}
Potions
 e - a potion of heal wounds {unknown}
 f - a potion of curing {unknown}
 i - a potion of invisibility {unknown}


   Skills:
 + Level 3.5 Fighting
 - Level 2.8 Long Blades
 - Level 1.3 Armour
 - Level 2.4 Dodging
 + Level 1.0 Spellcasting
 + Level 1.0 Conjurations
 + Level 1.0 Hexes
   Level 0.0 Charms
 + Level 1.0 Summonings
 + Level 1.0 Necromancy
 + Level 1.0 Translocations
 + Level 1.0 Transmutations
 + Level 1.0 Fire Magic
 + Level 1.0 Ice Magic
 + Level 1.0 Air Magic
 + Level 1.0 Earth Magic
 + Level 1.0 Poison Magic


You knew the following spells:

 Your Spells              Type           Power      Damage    Failure   Level
a - Necrotise             Necr           12%        1d4       22%         1
Your spell library was empty.

Dungeon Overview and Level Annotations

Branches:
Dungeon (4/15)
 Temple: D:4-7

Altars:


Innate Abilities, Weirdness & Mutations

You are immune to sickness and miasma.
You are immune to poison.
Your flesh is very heat resistant. (rF++)
You are vulnerable to cold. (rC-)
You float through the air rather than walking.
You learn spells naturally, not from books.
Your magical power is your life essence.
You have superior vitality. (+4 MHP)


Message History

The worm misses you.
You barely miss the worm.
The worm is heavily wounded.
The worm bites you.
You hit the worm but do no damage.
The worm changes into a shapeshifter!
Xom thinks this is hilarious!
The shapeshifter changes into a golden eye!
You barely miss the golden eye.
The golden eye blinks!
The golden eye changes into a polar bear!
You hit the polar bear.
You feel better.
The polar bear is lightly wounded.
The polar bear changes into a yak!
You hit the yak. You freeze the yak.
The yak is lightly wounded.
The yak gores you.
You hit the yak but do no damage.
The yak is lightly wounded.
The yak gores you but does no damage.
You hit the yak.
The yak is poisoned.
The yak is moderately wounded.
The yak gores you!
You hit the yak. You freeze the yak.
The yak is moderately wounded.
The yak closely misses you.
You barely miss the yak.
The yak is moderately wounded.
The yak closely misses you.
You slash the yak!
The yak seems to grow stronger.
The yak is severely wounded.
The yak gores you!
Ouch! That really hurt!
* * * LOW HITPOINT WARNING * * *
Xom roars with laughter!
A shower of butterflies erupts from you!
You barely miss the yak.
The yak is severely wounded.
The yak gores you!
Ouch! That really hurt!
You die...
Xom cackles wildly!

##########...
##b...>.......
####'.###.####...
#.bY#.# #........
#.#@#.###.#####..
.. #b#.....# #..
#b###.### #. ..#
#.# .. ###. #.# #
. #.# .##.# .##.#
###.#


You could see a yak shaped shifter (strong, very poisoned, ally target).

Vanquished Creatures
  2 adders
  2 goblins
  2 hobgoblins
  A kobold (D:1)
  2 quokkas (D:1)
  3 ball pythons
  A bat (D:2)
  4 rats
17 creatures vanquished.

Notes
Turn   | Place    | Note
-------+----------+-------------------------------------------
     0 | D:1      | cforsyth the Djinni Chaos Knight began the quest for the
                  | Orb.
     0 | D:1      | Reached XP level 1. HP: 20/20 MP: 0/0
     0 | D:1      | Upgraded the game from 0.31-a0-703-gcfe89afef6 to
                  | 0.31-a0-705-ga145531891
   139 | D:1      | Reached XP level 2. HP: 25/25 MP: 0/0
   321 | D:1      | XOM: divination: magic mapping
   485 | D:2      | XOM: butterfly on damage
   487 | D:2      | XOM: silly message
   498 | D:2      | XOM: silly message
   515 | D:2      | XOM: divination: detect creatures
   518 | D:2      | You are sucked into a shaft and drop 2 floors!
   518 | D:4      | XOM: noise
   625 | D:4      | Reached XP level 3. HP: 30/30 MP: 0/0
   625 | D:4      | Learned a level 1 spell: Necrotise
   633 | D:3      | Reached skill level 1 in Spellcasting
   633 | D:3      | Reached skill level 1 in Conjurations
   633 | D:3      | Reached skill level 1 in Hexes
   633 | D:3      | Reached skill level 1 in Summonings
   633 | D:3      | Reached skill level 1 in Necromancy
   633 | D:3      | Reached skill level 1 in Translocations
   633 | D:3      | Reached skill level 1 in Transmutations
   633 | D:3      | Reached skill level 1 in Fire Magic
   633 | D:3      | Reached skill level 1 in Ice Magic
   633 | D:3      | Reached skill level 1 in Air Magic
   633 | D:3      | Reached skill level 1 in Earth Magic
   633 | D:3      | Reached skill level 1 in Poison Magic
   656 | D:3      | a worm changed into a shapeshifter
   656 | D:3      | Noticed a shapeshifter (shapeshifter)
   656 | D:3      | a shapeshifter changed into a golden eye
   656 | D:3      | Noticed a golden eye (shapeshifter)
   658 | D:3      | a golden eye changed into a polar bear
   658 | D:3      | Noticed a polar bear (shapeshifter)
   659 | D:3      | a polar bear changed into a yak
   659 | D:3      | Noticed a yak (shapeshifter)
   665 | D:3      | HP: 1/30 [yak (shapeshifter) (17)]
   665 | D:3      | XOM: butterfly on damage
   666 | D:3      | Demolished by a yak (shapeshifter)

Illustrated notes

Levels and vault maps discovered:
D:1:      noname_arrival_rooms_in_the_neighbourhood, layout_basic
D:2:      layout_rooms, basic_altar, kennysheep_generic_room_7, uniq_natasha
D:3:      layout_loops_ring, lemuel_coloured_pillars_altar,
          mainiacjoe_overflow_swirl, nicolae_overflow_crystal_walls, minitemple,
          gup_sewer_entry_bubbles
D:4:      layout_basic, serial_shops, nicolae_shop_gaudy_bauble, uniq_duvessa,
          uniq_edmund, uniq_crazy_yiuf_cottage

Skill      XL: |  1  2  3 |
---------------+----------+-----
Spellcasting   | 1 |  1.0
Conjurations   | 1 |  1.0
Hexes          | 1 |  1.0
Summonings     | 1 |  1.0
Necromancy     | 1 |  1.0
Translocations | 1 |  1.0
Transmutations | 1 |  1.0
Fire Magic     | 1 |  1.0
Ice Magic      | 1 |  1.0
Air Magic      | 1 |  1.0
Earth Magic    | 1 |  1.0
Poison Magic   | 1 |  1.0
Fighting       | |  3.5
Long Blades    | |  2.8
Armour         | |  1.3
Dodging        | |  2.4

Action                     || total
---------------------------++-------
  Melee: Falchion          ||    62
   Stab: Sleeping          ||     1
 Armour: Leather armour    ||    27
  Dodge: Dodged            ||    36

Table legend: (Time is in decaauts)
 A = Elapsed time spent in this place.
 B = Non-inter-level travel time spent in this place.
 C = Inter-level travel time spent in this place.
 D = Time resting spent in this place.
 E = Time spent auto-exploring this place.
 F = Levels seen in this place.
 G = Mean time per level.
                   A        B        C        D        E       F      G
               +--------+--------+--------+--------+--------+-----+--------+
         Total |    675 |    672 |      3 |      0 |    497 |   4 |  168.8 |
       Dungeon |    675 |    672 |      3 |      0 |    497 |   4 |  168.8 |
               +--------+--------+--------+--------+--------+-----+--------+

Top non-repeatable levels by time:
     D:1: 354 daAuts
     D:2: 169 daAuts
     D:4: 111 daAuts
     D:3: 39 daAuts
